AoeStats
← Fairy22

Arabian Desert

510674101Analyzed
1v1 RM · 2d ago on Oct 2, 2026· 28m 23s· 2 players
Game mode
Random Map
Map size
Tiny (2 player)
Population
200
Speed
Normal
Resources
Standard
Victory
Conquest
Starting age
Dark Age
Ending age
Imperial Age
RankedLock teamsTeams togetherTeam positionsShared explorationLock speedFull tech treeHidden civsTurbo modeCheats
Victory
Defeat
🇨🇳 Varangians · China
1098
+15
🇺🇸 Portuguese · United States
1080
-15
peteben24
10:41 Feudal Age
11:43 Double-Bit Axe
13:57 Loom
16:00 Fletching
22:58 Castle Age
21:19 Padded Archer Armor
21:45 Scale Mail Armor
21:43 Horse Collar
22:52 Forging
23:00 Crossbowman
24:33 Scale Barding Armor
25:20 Ballistics
27:13 Bodkin Arrow
Fairy22
7:37 Loom
10:32 Feudal Age
11:14 Double-Bit Axe
14:29 Bloodlines
14:46 Horse Collar
21:15 Castle Age
21:46 Scale Barding Armor
22:25 Bow Saw
23:16 Chain Barding Armor
24:49 Fletching
Connection lost

Rejoining the realm…

Still unreachable

The connection could not be restored.

Session expired

The server has moved on; the page needs a fresh start.